 Dungeon Crawl Stone Soup version 0.30-b1-2-g02819fbbbe (webtiles) character file.

Game seed: 3558838408486445047

37825 Borgoz the Carver (level 13, -6/123 HPs)
             Began as a Minotaur Berserker on June 18, 2023.
             Was an Elder of Trog.
             Mangled by a death yak (18 damage)
             ... on level 5 of the Lair of Beasts.
             The game lasted 00:26:20 (16397 turns).

Borgoz the Carver (Minotaur Berserker)             Turns: 16397, Time: 00:26:20

Health: -6/123     AC: 10    Str: 31    XL:     13   Next: 60%
Magic:  12/12      EV: 22    Int:  4    God:    Trog [****..]
Gold:   356        SH:  0    Dex: 12    Spells: 12/12 levels left

rFire   . . .        a - +1 long sword (heavy)
rCold   . . .        (no shield)
rNeg    . . .        B - +1 troll leather armour
rPois   .            (helmet restricted)
rElec   .            d - +0 cloak
rCorr   .            (no gloves)
SInv    .            u - +0 pair of boots
Will    .....        (no amulet)
Stlth   +++          e - +5 ring of evasion
HPRegen 1.20/turn    y - +6 ring of strength
MPRegen 0.13/turn

%: no passive effects
@: on berserk cooldown, slowed, invisible, very slow
A: horns 2, retaliatory headbutt
a: Renounce Religion, Berserk, Trog's Hand, Brothers in Arms


You were on level 5 of the Lair of Beasts.
You worshipped Trog.
Trog was greatly pleased with you.
You visited 3 branches of the dungeon, and saw 16 of its levels.

You collected 656 gold pieces.
You spent 300 gold pieces at shops.

Inventory:

Hand Weapons
 a - a +1 heavy long sword (weapon)
 b - a +3 scimitar
Missiles
 m - 12 poisoned darts (quivered)
 v - a throwing net
 J - 2 atropa-tipped darts
Armour
 d - a +0 cloak (worn)
 u - a +0 pair of boots (worn)
 B - a +1 troll leather armour (worn)
 D - +0 acid dragon scales
Jewellery
 e - a +5 ring of evasion (left hand)
 j - a ring of ice
 o - the ring of Kooll {Wiz rF+}
   (You found it on level 5 of the Dungeon)

   [ring of wizardry]

   It improves your spell success rate.
   rF:        It protects you from fire.
 y - a +6 ring of strength (right hand)
 K - a ring of poison resistance
Wands
 n - a wand of charming (5)
 s - a wand of polymorph (14)
 w - a wand of flame (6)
 z - a wand of light (8)
 A - a wand of iceblast (5)
 H - a wand of digging (4)
Scrolls
 h - 7 scrolls of teleportation
 k - 3 scrolls of fog
 r - 2 scrolls of poison
 F - 3 scrolls of magic mapping
 G - a scroll of identify
Potions
 c - 13 potions of curing
 f - 5 potions of haste
 g - 3 potions of ambrosia
 i - 3 potions of heal wounds
 l - a potion of invisibility
 p - 2 potions of magic
 q - 3 potions of flight
 t - 2 potions of mutation
 x - 3 potions of attraction
 C - 3 potions of might
 E - a potion of resistance
 L - a potion of cancellation


   Skills:
 * Level 13.9 Fighting
 * Level 13.9 Long Blades
 - Level 5.0 Throwing
 * Level 13.7 Armour
 * Level 12.6 Dodging
 - Level 5.0 Stealth


You had 12 spell levels left.
You didn't know any spells.
Your spell library was empty.

Dungeon Overview and Level Annotations

Branches:
Dungeon (10/15)            Temple (1/1) D:5            Lair (5/5) D:9
 Shoals (0/4) Lair:3       Spider (0/4) Lair:3
  Slime: Lair:4-5       Orc: D:9-12

Altars:
Ashenzari
Cheibriados
Dithmenos
Elyvilon
Fedhas
Gozag
Hepliaklqana
Kikubaaqudgha
Makhleb
Nemelex Xobeh
Okawaru
Qazlal
Ru
Sif Muna
Trog
Uskayaw
Vehumet
Wu Jian
Xom
Yredelemnul
Zin
The Shining One

Shops:
D:2 *


Innate Abilities, Weirdness & Mutations

You have a pair of horns on your head.
You reflexively headbutt those who attack you in melee.


Message History

You completely miss the torpor snail.
The torpor snail is lightly wounded.
The death yak completely misses you. You furiously retaliate!
You headbutt the death yak. The cane toad barely misses you.
The torpor snail bites you!!
* * * LOW HITPOINT WARNING * * *
You are too berserk!
You barely miss the torpor snail.
The torpor snail is lightly wounded.
The death yak gores you!
* * * LOW HITPOINT WARNING * * *
The cane toad barely misses you. You furiously retaliate!
You headbutt the cane toad! The death yak attacks as you move away!
The death yak barely misses you. You furiously retaliate!
You headbutt the death yak! The cane toad attacks as you move away!
The cane toad misses you. You furiously retaliate!
You headbutt the cane toad! The cane toad closely misses you.
You furiously retaliate!
You headbutt the cane toad!
You kill the cane toad!
Trog accepts your kill.
You feel a strong urge to attack something.
The death yak attacks as you move away! The death yak gores you!
* * * LOW HITPOINT WARNING * * *
The death yak attacks as you move away! The death yak completely misses you.
You feel your anger nearly subside.
You are no longer berserk.
You are exhausted.
You feel as though you will be slow longer.
You feel much better. The death yak gores you!
* * * LOW HITPOINT WARNING * * *
The death yak gores you!
* * * LOW HITPOINT WARNING * * *
Okay, then.
As you read the scroll of fear, it crumbles to dust.
You assume a fearsome visage.
The death yak resists with almost no effort.
The torpor snail looks frightened!
The death yak misses you.
You fade into invisibility!
The death yak completely misses you. The death yak gores you!!
You die...

###.# #...# $...
####.. # ..
##.P#†#.#..#
#...#.....P#
##...w......#
##...........#
#..@Y..#....##
##..#####P..## ..
#.......###### ##.#
#P..#†..####.###..##
#....†..#....P##...#
##..#####.....##...##
#P.....#.....##....#
#......#.....#.†...#
##..........##....##


You could see a death yak (unable to see you) and a torpor snail (unable to see
you, fleeing).

Vanquished Creatures
  Fannar (Lair:1)
  A catoblepas (Lair:1)
  2 hydras (Lair:5)
  2 boulder beetles
  A death yak (Lair:5)
  Pikel (D:8)
  A harpy (Lair:3)
  An oklob plant (Lair:2)
  A wolf spider (Lair:3)
  10 elephants
  A manticore (Lair:5)
  2 black mambas
  Joseph (D:7)
  10 cane toads
  Maggie (D:9)
  3 rime drakes
  An unseen horror (D:10)
  10 komodo dragons
  4 burning bushes
  2 trolls
  Grinder (D:4)
  Prince Ribbit (D:8)
  22 blink frogs
  A polar bear (Lair:4)
  A jumping spider (Lair:3)
  A vampire (D:10)
  3 wyverns
  3 basilisks
  35 yaks
  Grum (D:8)
  3 steam dragons
  A redback (Lair:3)
  An acid dragon (D:10)
  12 water moccasins
  Duvessa (D:7)
  A sky beast (D:6)
  3 ice beasts
  4 ogres
  2 centaurs
  12 wolves
  10 bullfrogs
  A gnoll sergeant (D:8)
  2 kobold brigands
  2 scorpions (D:4)
  8 wights
  Dowan (D:7)
  5 howler monkeys
  An electric eel (Lair:3)
  5 jellies
  5 orc priests
  A hound (D:5)
  A gnoll bouda (D:4)
  3 iguanas
  A sleepcap (D:5)
  11 orc wizards
  4 gnolls (D:8)
  9 adders
  3 white imps
  2 ufetubi (D:5)
  2 worms
  3 dart slugs
  24 orcs
  5 ball pythons
  9 endoplasms
  3 giant cockroaches
  7 goblins
  6 hobgoblins
  3 jackals (D:5)
  17 kobolds
  7 quokkas
  5 bats
  3 frilled lizards
  3 rats
  A bush (Lair:1)
338 creatures vanquished.

Vanquished Creatures (collateral kills)
  A hydra (Lair:2)
  A cane toad (Lair:5)
  3 blink frogs (Lair:5)
  4 yaks (Lair:2)
  A bullfrog (Lair:2)
10 creatures vanquished.

Vanquished Creatures (others)
  16 fungi
  48 plants
64 creatures vanquished.

Grand Total: 412 creatures vanquished

Notes
Turn   | Place    | Note
-------+----------+-------------------------------------------
     0 | D:1      | Borgoz the Minotaur Berserker began the quest for the Orb.
     0 | D:1      | Reached XP level 1. HP: 19/19 MP: 0/0
   101 | D:1      | Found a faded altar of an unknown god.
   208 | D:1      | Reached XP level 2. HP: 27/27 MP: 1/1
  1004 | D:2      | Reached XP level 3. HP: 31/33 MP: 2/2
  1064 | D:2      | Reached ** piety under Trog
  1180 | D:2      | Found a blossoming altar of Fedhas.
  1264 | D:2      | Found Dukihukh's General Store.
  1371 | D:3      | Found a radiant altar of Vehumet.
  1386 | D:3      | Reached XP level 4. HP: 41/41 MP: 3/3
  1758 | D:3      | Reached XP level 5. HP: 47/47 MP: 4/4
  2026 | D:3      | Found an ornate altar of the Wu Jian Council.
  2168 | D:4      | Found a basalt altar of Yredelemnul.
  2174 | D:4      | Found a hide-covered altar of Uskayaw.
  2460 | D:4      | Noticed Grinder
  2475 | D:4      | Killed Grinder
  2476 | D:4      | Reached skill level 5 in Fighting
  2476 | D:4      | Reached skill level 5 in Long Blades
  2476 | D:4      | Reached XP level 6. HP: 56/56 MP: 5/5
  2902 | D:4      | Found a snail-covered altar of Cheibriados.
  2921 | D:4      | Reached skill level 5 in Armour
  2921 | D:4      | Reached XP level 7. HP: 62/62 MP: 6/6
  3213 | D:4      | Found a sacrificial altar of Ru.
  3312 | D:5      | Entered Level 5 of the Dungeon
  3329 | D:5      | Reached skill level 5 in Dodging
  3401 | D:5      | Reached *** piety under Trog
  3624 | D:5      | Reached XP level 8. HP: 71/71 MP: 7/7
  3647 | D:5      | Identified the ring of Kooll {Wiz rF+}
  3827 | D:5      | Found a burning altar of Makhleb.
  3827 | D:5      | Noticed a balrug
  3830 | D:5      | Noticed an orange demon
  3830 | D:5      | Noticed a hellwing
  3876 | D:5      | Found a staircase to the Ecumenical Temple.
  3885 | Temple   | Entered the Ecumenical Temple
  3987 | D:5      | Found a stormy altar of Qazlal.
  4156 | D:6      | Noticed a boulder beetle
  4171 | D:6      | Killed a boulder beetle
  4579 | D:6      | Reached XP level 9. HP: 81/81 MP: 8/8
  4670 | D:6      | Reached skill level 1 in Throwing
  4677 | D:6      | Reached skill level 1 in Stealth
  4923 | D:6      | Found a sparkling altar of Nemelex Xobeh.
  5171 | D:7      | Noticed Duvessa
  5173 | D:7      | Noticed Joseph
  5174 | D:7      | Noticed Dowan
  5176 | D:7      | Killed Duvessa
  5186 | D:7      | Killed Joseph
  5187 | D:7      | Killed Dowan
  5401 | D:7      | Found a shimmering altar of Xom.
  5401 | D:7      | Found an ancient bone altar of Kikubaaqudgha.
  5942 | D:8      | Reached XP level 10. HP: 22/86 MP: 9/9
  5966 | D:8      | Noticed Grum
  5977 | D:8      | Killed Grum
  6003 | D:8      | Noticed Pikel
  6012 | D:8      | Killed Pikel
  6051 | D:8      | Noticed Prince Ribbit
  6076 | D:8      | Killed Prince Ribbit
  7144 | D:9      | Found a staircase to the Lair.
  7506 | D:9      | Noticed Maggie
  7525 | D:9      | Killed Maggie
  7526 | D:9      | Reached skill level 10 in Long Blades
  7876 | D:9      | Reached **** piety under Trog
  7883 | D:9      | Reached skill level 10 in Fighting
  8503 | D:10     | Entered Level 10 of the Dungeon
  8864 | D:10     | Found a bloodstained altar of Trog.
  8871 | D:10     | Reached XP level 11. HP: 100/100 MP: 10/10
  9077 | D:10     | Found a white marble altar of Elyvilon.
  9158 | D:10     | Reached skill level 10 in Armour
  9409 | D:10     | Found an opulent altar of Gozag.
  9409 | D:10     | Found an iron altar of Okawaru.
  9664 | D:2      | Bought 2 potions of curing for 72 gold pieces
  9664 | D:2      | Bought a scroll of fear for 48 gold pieces
  9664 | D:2      | Bought a scroll of enchant weapon for 90 gold pieces
  9664 | D:2      | Bought a scroll of enchant armour for 90 gold pieces
  9898 | Lair:1   | Entered Level 1 of the Lair of Beasts
 10605 | Lair:1   | Noticed a catoblepas
 10617 | Lair:1   | Killed a catoblepas
 10866 | Lair:1   | Noticed a boulder beetle
 10882 | Lair:1   | Killed a boulder beetle
 11004 | Lair:1   | Noticed Fannar
 11013 | Lair:1   | Killed Fannar
 11021 | Lair:1   | Reached skill level 10 in Dodging
 11464 | Lair:2   | Noticed a five-headed hydra
 11470 | Lair:2   | Killed a six-headed hydra
 11900 | Lair:2   | Reached XP level 12. HP: 110/110 MP: 11/11
 11936 | Lair:2   | Reached skill level 5 in Throwing
 12593 | Lair:2   | Reached skill level 5 in Stealth
 13791 | Lair:3   | Found a hole to the Spider Nest.
 14135 | Lair:3   | Found a staircase to the Shoals.
 15118 | Lair:4   | Reached XP level 13. HP: 122/122 MP: 12/12
 16100 | Lair:5   | Entered Level 5 of the Lair of Beasts
 16393 | Lair:5   | HP: 5/184 [death yak (12)]
 16397 | Lair:5   | Mangled by a death yak

Illustrated notes

Levels and vault maps discovered:
D:1:      ncdulo_watergridlock, layout_basic, shapermc_ecumenical_altar_gd
D:2:      layout_rooms, basic_altar, serial_shops, shop, minmay_fountain_box
D:3:      minmay_spotlight, layout_loops_ring, mainiacjoe_overflow_alcove_1,
          mainiacjoe_overflow_boulevard
D:4:      minmay_diamond_boxcup, layout_cave_pods,
          eat_drink_and_be_merry_uskayaw, mainiacjoe_overflow_six_doors_small,
          mainiacjoe_overflow_catwalk, nicolae_overflow_hidden_temple,
          serial_rivers, chequers_serial_rivers_room_b,
          chequers_serial_rivers_micro_b, chequers_serial_rivers_small_3,
          chequers_serial_rivers_small_b, uniq_grinder
D:5:      layout_gridville, nicolae_qazlal_general_emergency,
          makhleb_altar_promises_db, minmay_temple_entry_antechambers
D:6:      layout_basic, lemuel_round_altar
D:7:      layout_basic, nicolae_overflow_two_pavilions, minmay_misc_feat_alley,
          chequers_avenue, hangedman_decor_peaks_small, uniq_joseph,
          uniq_duvessa
D:8:      layout_basic, uniq_grum, uniq_prince_ribbit1, uniq_pikel
D:9:      layout_layer_cave, erik_lair_dragon, uniq_maggie
D:10:     layout_basic, nicolae_overflow_crystal_walls,
          amethyst_overflow_temple_binary, trog_book,
          minmay_misc_feat_secret_circle
Temple:   hellmonk_temple_of_storms
Lair:1:   layout_chaotic_city, evilmike_ambush [evilmike_ambush_outer_doors,
          evilmike_ambush_inner_basic], uniq_fannar
Lair:2:   layout_gridlike, grunt_megastairs_3
Lair:3:   layout_cave_pods, nicolae_shoals_entry_roost,
          spider_nest_entry_funnel_web, evilmike_ambush
          [evilmike_ambush_outer_basic, evilmike_ambush_inner_pond]
Lair:4:   layout_regular_city, chequers_serial_rivers_small_b,
          nicolae_quartered_pool_little, chequers_serial_rivers_micro_b
Lair:5:   hangedman_lair_in_review, layout_small_grid, guppyfry_lair_end_dragon,
          nicolae_slime_entry_slimehenge, serial_bayou_lake_a, uniq_sonja

Skill      XL: |  1  2  3  4  5  6  7  8  9 10 11 12 13 |
---------------+----------------------------------------+-----
Fighting       | 4 5 6 7 9 10 11 13 | 13.9
Long Blades    | 4 5 6 7 9 10 11 13 | 13.9
Armour         | 3 4 5 6 7 8 9 11 12 13 | 13.7
Dodging        | 3 4 5 6 7 9 10 11 12 | 12.6
Throwing       | 2 3 4 5 |  5.0
Stealth        | 2 3 4 5 |  5.0

Action                     |  1- 3 |  4- 6 |  7- 9 | 10-12 | 13-15 || total
---------------------------+-------+-------+-------+-------+-------++-------
  Melee: Falchion          |    10 |       |       |       |       ||    10
         Headbutt          |     6 |     8 |    30 |   112 |    32 ||   188
         Long sword        |    34 |    75 |   167 |   460 |   119 ||   855
         Punch             |       |       |     1 |     6 |     1 ||     8
  Throw: Dart              |       |       |       |     1 |       ||     1
 Invoke: Berserk           |       |     2 |     5 |    18 |     3 ||    28
         Trog's Hand       |       |       |       |     5 |     3 ||     8
         Brothers in Arms  |       |       |       |     1 |     2 ||     3
  Evoke: Wand              |       |       |       |     8 |       ||     8
    Use: Scroll            |     5 |     6 |     3 |    10 |     2 ||    26
         Potion            |       |       |       |     1 |     2 ||     3
   Stab: Sleeping          |       |       |       |     3 |       ||     3
         Distracted        |       |       |       |       |     1 ||     1
 Armour: Animal skin       |     5 |       |       |       |       ||     5
         Ring mail         |     7 |     4 |       |       |       ||    11
         Plate armour      |       |    30 |   101 |    69 |       ||   200
         Steam dragon scal |       |       |       |    32 |       ||    32
         Acid dragon scale |       |       |       |    77 |    17 ||    94
         Troll leather arm |       |       |       |       |    33 ||    33
  Dodge: Dodged            |    45 |    87 |   188 |   549 |   273 ||  1142
